 Dungeon Crawl Stone Soup version 0.17-a0-1939-ga475588 (webtiles) character file.

24 tp1 the Chopper (level 3, -4/34 HPs)
             Began as a Gargoyle Berserker on Sept 29, 2015.
             Was a Believer of Trog.
             Killed from afar by Ijyb (9 damage)
             ... with a wand of frost
             ... on level 2 of the Dungeon.
             The game lasted 00:05:36 (907 turns).

tp1 the Chopper (Gargoyle Berserker)                 Turns: 907, Time: 00:05:37

Health: -4/34      AC:  6    Str: 26    XL:     3   Next: 2%
Magic:  3/3        EV: 11    Int:  7    God:    Trog [**....]
Gold:   84         SH:  0    Dex:  9    Spells: 0 memorised, 2 levels left

rFire  . . .     SeeInvis .     a - +0 hand axe
rCold  . . .     Clarity  .     o - +0 leather armour (curse)
rNeg   + . .     SustAt   .     (no shield)
rPois  ∞         Gourm    .     (no helmet)
rElec  +         Spirit   .     (no cloak)
rCorr  .         Warding  .     (no gloves)
rMut   .         Stasis   .     (no boots)
MR     ++...                    (no amulet)
Stlth  ..........               (no ring)
                                (no ring)

@: berserking, regenerating, very quick, very resistant to hostile enchantments,
extremely unstealthy
A: negative energy resistance 1, electricity resistance, unbreathing,
petrification resistance, rot immunity, AC +3
a: Burn Spellbooks, Berserk, Trog's Hand, Renounce Religion


You were on level 2 of the Dungeon.
You worshipped Trog.
Trog was pleased with you.
You were not hungry.

You visited 1 branch of the dungeon, and saw 2 of its levels.

You collected 84 gold pieces.

Inventory:

Hand weapons
 a - a +0 hand axe (weapon)
Armour
 b - a +0 animal skin
 d - a +0 leather armour
 o - a cursed +0 leather armour (worn)
Scrolls
 e - a scroll of fog {unknown}
 f - a scroll of teleportation {unknown}
 h - a scroll of identify {unknown}
 i - a scroll of fear {unknown}
 m - 2 scrolls of amnesia {unknown}
 n - a scroll of remove curse {unknown}
Potions
 g - a potion of ambrosia {unknown}
 k - a potion of haste {unknown}
 l - a potion of curing {unknown}
Comestibles
 c - a bread ration
 j - a slice of pizza


   Skills:
 - Level 3.2 Fighting
 + Level 3.4 Axes
 * Level 2.6 Armour
 - Level 1.5 Dodging


You had 2 spell levels left.
You didn't know any spells.

Dungeon Overview and Level Annotations

Branches:
Dungeon (2/15)

Altars:
Ashenzari
Cheibriados

Annotations:
D:2 Ijyb


Innate Abilities, Weirdness & Mutations

You are resistant to torment.
Your stone body is resilient (AC +3).
You are immune to poison.
You resist negative energy.
You are resistant to electric shocks.
You can survive without breathing.
You are immune to petrification.
You are immune to rotting.


Message History

The bat hits you but does no damage.
Ijyb zaps a wand.
The puff of frost hits you!
You hit Ijyb.
Ijyb is lightly wounded.
The bat hits you but does no damage. Ijyb hits you but does no damage.
Ijyb barely misses you.
The hobgoblin hits you but does no damage.
Use which ability?
Your skin crawls.
You feel resistant to hostile enchantments.
You feel slightly more hungry. The bat hits you but does no damage.
Ijyb screams, "Me kill you!"
Ijyb zaps a wand.
The puff of frost hits you!
* * * LOW HITPOINT WARNING * * *
Use which ability?
A red film seems to cover your vision as you go berserk!
You feel yourself moving faster!
You feel mighty!
You feel somewhat more hungry. The bat misses you.
The hobgoblin barely misses you.
Ijyb zaps a wand.
The puff of frost hits you!
You die...

##..# ##..#.#
#...# ##...#
#.#...# #..###
#.###.#
#..#.## #.# .#
#.#...##
######.# .
#......#
.......# ..
#......#..
#####..# ..
#...$...... #
#.##
#@b.......#
### #.#
#gg....#.##
..# #.##
.........#
..###..#
...#...#.##
.......#
.##.##.##.#
.####..# ..
#.# ###.####
##### ## #.##
.. #..
##.....##....
# #.# #. ##.
##............
# #.#
#.............


You could see Ijyb, a hobgoblin and a bat.

Vanquished Creatures
  3 giant cockroaches (D:1)
  4 hobgoblins
  6 bats
  A giant newt (D:1)
  A goblin (D:1)
  3 kobolds (D:1)
  8 rats
26 creatures vanquished.

Notes
Turn   | Place    | Note
--------------------------------------------------------------
     0 | D:1      | tp1 the Gargoyle Berserker began the quest for the Orb.
     0 | D:1      | Reached XP level 1. HP: 14/14 MP: 1/1
   122 | D:1      | Reached XP level 2. HP: 8/19 MP: 2/2
   750 | D:2      | Acquired Trog's second power
   778 | D:2      | Found a shattered altar of Ashenzari.
   793 | D:2      | Reached XP level 3. HP: 23/23 MP: 3/3
   815 | D:2      | Found a snail-covered altar of Cheibriados.
   900 | D:2      | Noticed Ijyb
   907 | D:2      | Killed from afar by Ijyb

Vault maps used:
D:1:      wheals_arrival_shading
D:2:      nicolae_overflow_crystal_walls, first_bread, lemuel_statue_altar,
          uniq_iyjb

Action                   || total
-------------------------++-------
Melee: Hand axe          ||    71
Invok: Berserk           ||     2
       Trog's Hand       ||     1
  Eat: Chunk             ||     1
